 Dungeon Sprint DCSS version 0.28.0-45-g0d030f2227 (webtiles) character file.

Game seed: 17297477432482737889

5200000 protoss039 the Conqueror (level 20, -43/216 HPs)
             Began as a Minotaur Fighter on Apr 5, 2022.
             Was a Believer of Makhleb.
             Annihilated by a meat berserker
             ... wielding a +9 battleaxe
              (53 damage)
             ... in the Dungeon (Sprint VIII: "Arena of Blood").
             The game lasted 00:01:45 (52 turns).

protoss039 the Conqueror (Minotaur Fighter)           Turns: 52, Time: 00:01:46

Health: -43/216    AC: 13    Str: 29    XL:     20   Next: 44%
Magic:  19/32      EV: 16    Int:  5    God:    Makhleb [**....]
Gold:   0          SH:  0    Dex: 11    Spells: 38/38 levels left

rFire   . . .      SeeInvis .   k - +∞ Axe of Woe
rCold   . . .      Faith    .   (shield currently unavailable)
rNeg    . . .      Spirit   .   b - +0 scale mail
rPois   .          Reflect  .   (helmet restricted)
rElec   .          Harm     .   (no cloak)
rCorr   .          Rampage  .   (no gloves)
Will    +....      NoTele   +   (no boots)
Stlth   ++++......              (no amulet)
HPRegen 0.46/turn               (no ring)
MPRegen 0.23/turn               (no ring)

@: no status effects
A: horns 2, retaliatory headbutt
a: Renounce Religion, Minor Destruction


You were in the Dungeon.
You worshipped Makhleb.
Makhleb was pleased with you.
You visited 1 branch

Inventory:

Hand Weapons
 a - a +0 war axe
 k - the +∞ Axe of Woe (weapon)
   (You found it in the Dungeon)
Armour
 b - a +0 scale mail (worn)
 c - a +0 buckler
Jewellery
 l - a +30 ring of slaying
Scrolls
 j - a scroll of blinking
Potions
 d - a potion of might
 f - a potion of heal wounds
 g - a potion of haste
 h - 2 potions of magic
 i - a potion of berserk rage


   Skills:
 O Level 27 Fighting
 + Level 14.9(16.8) Short Blades
 + Level 14.1(17.2) Long Blades
 O Level 27 Axes
 + Level 14.1(23.5) Maces & Flails
 + Level 14.1(23.5) Polearms
 + Level 14.1(18.5) Staves
 + Level 14.9(17.4) Slings
 + Level 14.9 Bows
 + Level 14.9 Crossbows
 + Level 13.7(16.1) Throwing
 O Level 27 Armour
 + Level 14.9 Dodging
 + Level 12.7 Stealth
 O Level 27 Shields
 + Level 14.9 Unarmed Combat
 + Level 9.8 Spellcasting
 + Level 10.7 Conjurations
 + Level 9.8 Hexes
 + Level 10.7 Summonings
 + Level 10.8 Necromancy
 + Level 10.7 Translocations
 + Level 11.6 Transmutations
 + Level 10.7 Fire Magic
 + Level 10.7 Ice Magic
 + Level 10.7 Air Magic
 + Level 11.6 Earth Magic
 + Level 10.7 Poison Magic
 + Level 13.7 Invocations
 + Level 12.6 Evocations


You had 38 spell levels left.
You didn't know any spells.
Your spell library was empty.

Dungeon Overview and Level Annotations

Branches:
Dungeon (1/1)

Altars:
Makhleb


Innate Abilities, Weirdness & Mutations

You have a pair of horns on your head.
You reflexively headbutt those who attack you in melee.


Message History

Press < or > to pray at altars.
Unknown command.
Press < or > to pray at altars.
Okay, then.
Aiming: Minor Destruction (0% risk of failure)
Press: ? - help, Shift-Dir - straight line, f - meat berserker
Aim: a meat berserker, wielding a +9 battleaxe and wearing a +30 ring of slaying (heavily wounded, berserk)
The meat berserker writhes in agony.
You hear a shout! x6
The meat berserker rages.
The eight-headed meat hydra calls on the powers of darkness!
The eight-headed meat hydra convulses!
The meat berserker convulses! x2
Your body is wracked with pain!
* * * LOW HITPOINT WARNING * * *
The meat berserker convulses!
You hear a shout!
The destroyer points at you and mumbles some strange words.
The destroyer blinks!
You hear a shout! x2; You hear two shouts!
Unknown command.
Press < or > to pray at altars.
Unknown command.
Press < or > to pray at altars.
Unknown command.
Press < or > to pray at altars.
You feel better.
You hear a shout! x3
The meat berserker rages.
You hear a shout!
The destroyer gestures at you while chanting.
The destroyer blinks!
You hear a shout! x3
The meat berserker rages.
The eight-headed meat hydra calls on the powers of darkness!
The eight-headed meat hydra convulses!
The meat berserker convulses!
Your body is wracked with pain!
* * * LOW HITPOINT WARNING * * *
The meat berserker convulses!
The meat berserker hits you with a +9 battleaxe!!!
You die...

#. ...# #.. ...#
O .###..
...###..
......###.D....
......_☼§§..
#..)§)# .
#_)<§○# .
....#.))))#.O..
..O...O@..O.V.§.
......###V....L.
.###.. ...###§.
#.. ...# V #.
...# .. .....
....


You could see a tyrant, an eight-headed meat hydra, 2 destroyers and 4 meat
berserkers.

Vanquished Creatures
  4 vampire knights (D)
  10 ogres (D)
  3 two-headed ogres (D)
  16 orcs (D)
  2 skeletal warriors (D)
35 creatures vanquished.

Notes
Turn   | Place    | Note
-------+----------+-------------------------------------------
     0 | D        | Found the +∞ Axe of Woe
     0 | D        | protoss039 the Minotaur Fighter began the quest for the
                  | Orb.
     0 | D        | Reached XP level 1. HP: 19/19 MP: 0/0
     1 | D        | Noticed a bag of meat
     1 | D        | Noticed a bag of meat
     2 | D        | Noticed a bag of meat
     2 | D        | Noticed a bag of meat
     3 | D        | Noticed a bag of meat
     4 | D        | Noticed a bag of meat
     5 | D        | Noticed a meat berserker
     5 | D        | Noticed a bag of meat
     6 | D        | Noticed a meat berserker
     7 | D        | Killed a bag of meat
     8 | D        | Reached skill level 10 in Axes
     8 | D        | Reached XP level 2. HP: 51/51 MP: 1/1
     8 | D        | Reached XP level 3. HP: 58/58 MP: 2/2
     8 | D        | Reached XP level 4. HP: 66/66 MP: 3/3
     8 | D        | Reached XP level 5. HP: 73/73 MP: 4/4
     8 | D        | Reached XP level 6. HP: 81/81 MP: 5/5
     8 | D        | Reached XP level 7. HP: 88/88 MP: 6/6
     8 | D        | Reached XP level 8. HP: 95/95 MP: 7/7
     8 | D        | Reached XP level 9. HP: 103/103 MP: 8/8
     8 | D        | Reached XP level 10. HP: 111/111 MP: 9/9
     8 | D        | Killed a bag of meat
     8 | D        | Killed a bag of meat
     8 | D        | Killed a meat berserker
     8 | D        | Killed a meat berserker
     8 | D        | Noticed a bag of meat
     9 | D        | Reached XP level 11. HP: 139/139 MP: 10/10
     9 | D        | Reached XP level 12. HP: 148/148 MP: 11/11
     9 | D        | Reached XP level 13. HP: 155/155 MP: 12/12
     9 | D        | Reached XP level 14. HP: 163/163 MP: 13/13
     9 | D        | Killed a bag of meat
     9 | D        | Killed a bag of meat
     9 | D        | Noticed a bag of meat
    10 | D        | Reached skill level 27 in Fighting
    11 | D        | Killed a bag of meat
    11 | D        | Killed a bag of meat
    11 | D        | Killed a bag of meat
    12 | D        | Reached skill level 27 in Armour
    12 | D        | Reached skill level 27 in Shields
    12 | D        | Reached XP level 15. HP: 174/174 MP: 14/14
    13 | D        | Reached skill level 27 in Axes
    14 | D        | Noticed a meat berserker
    16 | D        | Noticed a meat berserker
    18 | D        | Noticed a meat berserker
    20 | D        | Killed a meat berserker
    21 | D        | Noticed a large bag of meat
    21 | D        | Killed a meat berserker
    21 | D        | Noticed a destroyer
    22 | D        | Reached XP level 16. HP: 183/183 MP: 14/19
    23 | D        | Killed a meat berserker
    24 | D        | Reached skill level 5 in Long Blades
    24 | D        | Reached skill level 5 in Maces & Flails
    24 | D        | Reached skill level 5 in Polearms
    24 | D        | Reached skill level 5 in Staves
    24 | D        | Reached skill level 5 in Throwing
    24 | D        | Reached skill level 5 in Stealth
    24 | D        | Reached skill level 5 in Invocations
    24 | D        | Reached skill level 5 in Evocations
    26 | D        | Reached skill level 5 in Transmutations
    26 | D        | Reached skill level 5 in Earth Magic
    27 | D        | Killed a large bag of meat
    28 | D        | Reached skill level 5 in Conjurations
    28 | D        | Reached skill level 5 in Summonings
    28 | D        | Reached skill level 5 in Necromancy
    28 | D        | Reached skill level 5 in Translocations
    28 | D        | Reached skill level 5 in Fire Magic
    28 | D        | Reached skill level 5 in Ice Magic
    28 | D        | Reached skill level 5 in Air Magic
    28 | D        | Reached skill level 5 in Poison Magic
    28 | D        | Reached XP level 17. HP: 159/191 MP: 14/23
    28 | D        | Noticed a meat berserker
    28 | D        | Noticed a large bag of meat
    28 | D        | Noticed a destroyer
    29 | D        | Noticed a destroyer
    29 | D        | Noticed a destroyer
    30 | D        | Noticed a large bag of meat
    30 | D        | Killed a destroyer
    30 | D        | Noticed a meat berserker
    31 | D        | Reached skill level 5 in Spellcasting
    31 | D        | Reached skill level 5 in Hexes
    31 | D        | Killed a destroyer
    32 | D        | Killed a meat berserker
    32 | D        | Noticed a meat berserker
    33 | D        | Reached skill level 10 in Short Blades
    33 | D        | Reached skill level 10 in Slings
    33 | D        | Reached skill level 10 in Dodging
    33 | D        | Reached XP level 18. HP: 169/200 MP: 15/26
    33 | D        | Killed a destroyer
    33 | D        | Noticed a meat berserker
    34 | D        | Reached skill level 10 in Long Blades
    34 | D        | Reached skill level 10 in Maces & Flails
    34 | D        | Reached skill level 10 in Polearms
    34 | D        | Reached skill level 10 in Staves
    34 | D        | Reached skill level 10 in Bows
    34 | D        | Reached skill level 10 in Crossbows
    34 | D        | Reached skill level 10 in Unarmed Combat
    34 | D        | Killed a meat berserker
    35 | D        | Reached skill level 10 in Throwing
    35 | D        | Reached skill level 10 in Invocations
    36 | D        | Noticed a sculptor of flesh
    37 | D        | Killed a meat berserker
    37 | D        | Noticed a meat berserker
    38 | D        | Killed a destroyer
    39 | D        | Reached skill level 10 in Stealth
    39 | D        | Reached skill level 10 in Evocations
    39 | D        | Reached XP level 19. HP: 177/207 MP: 16/30
    39 | D        | Killed a meat berserker
    39 | D        | Noticed an eight-headed meat hydra
    40 | D        | Reached skill level 10 in Transmutations
    40 | D        | Reached skill level 10 in Earth Magic
    40 | D        | Killed a meat berserker
    41 | D        | Killed a large bag of meat
    44 | D        | Killed a large bag of meat
    45 | D        | Reached skill level 10 in Conjurations
    45 | D        | Reached skill level 10 in Summonings
    45 | D        | Reached skill level 10 in Necromancy
    45 | D        | Reached skill level 10 in Translocations
    45 | D        | Reached skill level 10 in Fire Magic
    45 | D        | Reached skill level 10 in Ice Magic
    45 | D        | Reached skill level 10 in Air Magic
    45 | D        | Reached skill level 10 in Poison Magic
    45 | D        | Reached XP level 20. HP: 98/216 MP: 17/32
    45 | D        | Became a worshipper of Makhleb the Destroyer
    46 | D        | Reached * piety under Makhleb
    48 | D        | Reached ** piety under Makhleb
    49 | D        | Noticed a destroyer
    49 | D        | Noticed a meat berserker
    49 | D        | Noticed a meat berserker
    49 | D        | Noticed a tyrant
    49 | D        | Noticed a meat berserker
    49 | D        | Noticed a destroyer
    50 | D        | HP: 9/216 [??? (6)]
    50 | D        | Noticed a meat berserker
    52 | D        | Annihilated by a meat berserker

Illustrated notes

Levels and vault maps discovered:
D:        meatsprint

Skill      XL: |  1  2  3  4  5  6  7  8  9 10 11 12 13 14 15 16 17 18 19 20 |
---------------+-------------------------------------------------------------+-----
Fighting       | 17 25 27 | 27.0
Axes           | 10 17 25 27 | 27.0
Armour         | 17 24 27 | 27.0
Shields        | 16 24 27 | 27.0
Short Blades   | 4 7 10 12 14 | 14.9
Long Blades    | 4 7 9 11 13 14 | 14.1
Maces & Flails | 4 7 9 11 13 14 | 14.1
Polearms       | 4 7 9 11 13 14 | 14.1
Staves         | 4 7 9 11 13 14 | 14.1
Slings         | 4 7 10 12 14 | 14.9
Bows           | 4 7 9 12 14 | 14.9
Crossbows      | 4 7 9 12 14 | 14.9
Throwing       | 4 6 9 11 13 | 13.7
Dodging        | 4 7 10 12 14 | 14.9
Stealth        | 3 6 8 10 12 | 12.7
Unarmed Combat | 4 7 9 12 14 | 14.9
Spellcasting   | 2 4 6 8 9 |  9.8
Conjurations   | 3 5 6 8 10 | 10.7
Hexes          | 2 4 6 8 9 |  9.8
Summonings     | 3 5 6 8 10 | 10.7
Necromancy     | 3 5 6 8 10 | 10.8
Translocations | 3 5 6 8 10 | 10.7
Transmutations | 3 5 7 9 11 | 11.6
Fire Magic     | 3 5 6 8 10 | 10.7
Ice Magic      | 3 5 6 8 10 | 10.7
Air Magic      | 3 5 6 8 10 | 10.7
Earth Magic    | 3 5 7 9 11 | 11.6
Poison Magic   | 3 5 6 8 10 | 10.7
Invocations    | 4 6 9 11 13 | 13.7
Evocations     | 3 6 8 10 12 | 12.6

Action                   |  1- 3 |  4- 6 |  7- 9 | 10-12 | 13-15 | 16-18 | 19-21 || total
-------------------------+-------+-------+-------+-------+-------+-------+-------++-------
Melee: Executioner's axe |     1 |       |       |     1 |     5 |    10 |     7 ||    24
Invok: Minor Destruction |       |       |       |       |       |       |     1 ||     1
  Use: Potion            |       |       |       |       |       |       |     1 ||     1
Armor: Scale mail        |       |       |       |       |       |       |     1 ||     1
